 Dungeon Crawl Stone Soup version 0.21-a0-200-gb89f83b (webtiles) character file.

2508 Espgualade the Chiller (level 9, 0/54 HPs)
             Began as a Tengu Ice Elementalist on Aug 16, 2017.
             Was a Believer of Vehumet.
             Slain by a yak (3 damage)
             ... on level 9 of the Dungeon.
             The game lasted 00:35:22 (10173 turns).

Espgualade the Chiller (Tengu Ice Elementalist)    Turns: 10173, Time: 00:35:24

Health: 0/54       AC: 12    Str:  8    XL:     9   Next: 53%
Magic:  10/16      EV: 15    Int: 24    God:    Vehumet [**....]
Gold:   357        SH:  0    Dex: 15    Spells: 4/18 levels left

rFire    . . .     SeeInvis .   w - +2 mace (holy)
rCold    . . .     Gourm    .   (no shield)
rNeg     . . .     Faith    .   a - +0 robe
rPois    .         Spirit   .   (helmet restricted)
rElec    .         Reflect  .   B - +0 cloak
rCorr    .         Harm     .   e - +1 pair of gloves
MR       .....                  (boots unavailable)
Stlth    +++.......             n - amulet of rage
HPRegen  0.18/turn              (no ring)
MPRegen  0.15/turn              (no ring)

@: brilliant, icy armour, slow
A: beak, talons 3, low mp 1, evolution 2, able to fly 1
a: Fly, Renounce Religion, Evoke Berserk Rage


You were on level 9 of the Dungeon.
You worshipped Vehumet.
Vehumet was pleased with you.
You were not hungry.

You visited 2 branches of the dungeon, and saw 10 of its levels.
You also visited: Ossuary.

You collected 357 gold pieces.

Inventory:

Hand Weapons
 t - a +2 dagger of pain
 w - a +2 mace of holy wrath (weapon)
Missiles
 p - 11 javelins (quivered)
Armour
 a - a +0 robe (worn)
 e - a +1 pair of gloves (worn)
 B - a +0 cloak (worn)
Jewellery
 n - an amulet of rage (around neck)
Wands
 k - a wand of polymorph (4/24)
Scrolls
 i - 2 scrolls of enchant armour
 j - 5 scrolls of remove curse
 q - a scroll of teleportation
 u - 2 scrolls of identify
 y - 2 scrolls of magic mapping {unknown}
Potions
 d - 2 potions of agility
 l - a potion of lignification
 o - a potion of ambrosia
 s - 2 potions of invisibility
 z - a potion of flight
Books
 b - a book of Frost

   Spells                             Type                      Level
   a - Freeze                         Ice                          1
   b - Throw Frost                    Conjuration/Ice              2
   c - Ozocubu's Armour               Charms/Ice                   3
   d - Throw Icicle                   Conjuration/Ice              4
   e - Summon Ice Beast               Ice/Summoning                4
Miscellaneous
 r - a fan of gales
Comestibles
 g - 4 fruits
 h - 3 royal jellies


   Skills:
 - Level 5.1 Fighting
 - Level 5.0 Dodging
 - Level 5.1 Stealth
 - Level 5.3 Spellcasting
 - Level 5.2 Conjurations
 + Level 6.9 Ice Magic


You had 4 spell levels left.
You knew the following spells:

 Your Spells              Type           Power        Failure   Level  Hunger
a - Freeze                Ice            ####         1%          1    None
b - Throw Frost           Conj/Ice       #####.       1%          2    None
c - Ozocubu's Armour      Chrm/Ice       #####...     1%          3    ##.....
d - Throw Icicle          Conj/Ice       #####...     1%          4    ####...
e - Summon Ice Beast      Ice/Summ       #####...     2%          4    ####...


Dungeon Overview and Level Annotations

Branches:
Dungeon (9/15)             Temple (1/1) D:5
   Lair: D:8-11         Orc: D:9-12

Altars:
Cheibriados
Dithmenos
Elyvilon
Fedhas
Gozag
Hepliaklqana
Kikubaaqudgha
Makhleb
Okawaru
Qazlal
Ru
Sif Muna
Uskayaw
Vehumet
Wu Jian
Xom
Yredelemnul
Zin
The Shining One

Shops:
D:6 (

Annotations:
D:4 Dowan; wearedevo's ghost, amateur DsWn
D:6 Grinder
D:8 Gastronok; Grum


Innate Abilities, Weirdness & Mutations

You have a beak for a mouth.
You have claws for feet.
You can fly.
Your magical capacity is low. (-10% MP)
You rapidly evolve.


Message History

Casting: Freeze
Confirm with . or Enter, or press ? or * to list all spells.
Aiming: Freeze
Press: ? - help, Shift-Dir - straight line, f/p - yak
Aim: a yak (moderately wounded)
You freeze the yak.
The yak is severely wounded.
The yak gores you but does no damage.
Casting: Freeze
Confirm with . or Enter, or press ? or * to list all spells.
Aiming: Freeze
Press: ? - help, Shift-Dir - straight line, f/p - yak
Aim: a yak (severely wounded)
You freeze the yak.
The yak is severely wounded.
You feel less wooden.
Your +0 cloak unmelds from your body.
Your +1 pair of gloves unmelds from your body.
Your +0 robe unmelds from your body.
The yak gores you.
You die...

####### #.....#
#.....# #.....#
#...).# ..
#####@# ...
#######Y##....
#..............
#..............
#............(.
#....##...#####
#..<.##...#
#....##.....
#....##......


You could see a yak.

Vanquished Creatures
  3 hogs (D:9)
  A human (D:9)
  Duvessa (D:4)
  An orc warrior (D:7)
  2 sky beasts (D:7)
  A black bear (D:8)
  2 ogres (D:7)
  A centaur (D:6)
  4 bullfrogs
  A water moccasin skeleton (D:5)
  A crimson imp (D:6)
  A centaur zombie (D:7)
  An orc priest (D:7)
  5 hounds
  3 iguanas
  2 orc wizards
  5 worker ants
  5 big kobold zombies (Ossuary)
  2 hound skeletons (D:5)
  Robin (D:4)
  5 gnolls
  11 adders
  2 oozes
  2 adder skeletons
  An adder zombie (D:5)
  A worm (D:4)
  3 dart slugs
  A leopard gecko (D:4)
  16 orcs
  6 spectral bats (Ossuary)
  2 ball pythons
  6 giant cockroaches
  7 gnoll zombies (Ossuary)
  13 goblins
  3 hobgoblins
  18 jackals
  3 quokkas
  7 bats
  4 bat simulacra (Ossuary)
  6 frilled lizards
  2 goblin simulacra (Ossuary)
  3 goblin zombies (Ossuary)
  5 hobgoblin zombies (Ossuary)
  5 kobolds
  2 kobold simulacra (Ossuary)
  2 kobold zombies (Ossuary)
  8 orc zombies (Ossuary)
  A quokka skeleton (D:5)
  2 quokka zombies
  3 rats
  3 rat simulacra (Ossuary)
  A rat zombie (D:7)
  A spectral goblin (Ossuary)
  5 spectral kobolds (Ossuary)
  A spectral rat (Ossuary)
204 creatures vanquished.

Notes
Turn   | Place    | Note
-------+----------+-------------------------------------------
     0 | D:1      | Espgualade the Tengu Ice Elementalist began the quest for the Orb.
     0 | D:1      | Reached XP level 1. HP: 10/10 MP: 4/4
    68 | D:1      | Reached skill level 1 in Fighting
   169 | D:1      | Reached XP level 2. HP: 14/16 MP: 6/6
   762 | D:1      | Learned a level 2 spell: Throw Frost
  1006 | D:2      | Reached XP level 3. HP: 15/22 MP: 0/7
  1493 | D:2      | Reached XP level 4. HP: 28/28 MP: 8/8
  1598 | D:2      | Found a glowing silver altar of Zin.
  1948 | D:2      | Learned a level 3 spell: Ozocubu's Armour
  2065 | D:3      | Gained mutation: You can fly. [Tengu growth]
  2065 | D:3      | Reached XP level 5. HP: 29/34 MP: 5/9
  2470 | D:3      | Found a shadowy altar of Dithmenos.
  2470 | D:3      | Found a deep blue altar of Sif Muna.
  2503 | D:3      | Found a stormy altar of Qazlal.
  2506 | D:3      | Found a white marble altar of Elyvilon.
  2560 | D:4      | Noticed Duvessa
  2560 | D:4      | Noticed Dowan
  2626 | D:4      | Noticed wearedevo's ghost (amateur DsWn)
  2727 | D:4      | Noticed Robin
  2741 | D:4      | Killed Robin
  2741 | D:4      | Reached skill level 5 in Fighting
  3274 | D:4      | Found an iron altar of Okawaru.
  3554 | D:4      | Killed Duvessa
  3554 | D:4      | Reached XP level 6. HP: 40/40 MP: 1/10
  4228 | D:5      | Entered Level 5 of the Dungeon
  4576 | D:5      | Reached XP level 7. HP: 31/44 MP: 7/11
  4700 | D:5      | Found an opulent altar of Gozag.
  5415 | D:5      | Found a sacrificial altar of Ru.
  5461 | D:5      | Found a staircase to the Ecumenical Temple.
  5998 | D:6      | Noticed Grinder
  6010 | D:6      | Found Nonunt's Weapon Shoppe.
  6477 | D:6      | Reached skill level 5 in Dodging
  6860 | D:6      | Reached skill level 5 in Stealth
  6938 | D:6      | Reached XP level 8. HP: 20/49 MP: 7/14
  7361 | D:5      | Learned a level 4 spell: Throw Icicle
  7366 | D:5      | Learned a level 4 spell: Summon Ice Beast
  7367 | Temple   | Entered the Ecumenical Temple
  7370 | Temple   | Became a worshipper of Vehumet
  7730 | D:7      | Reached skill level 5 in Spellcasting
  7753 | D:7      | Found a sand-covered staircase.
  7773 | Ossuary  | Entered an ossuary
  8084 | Ossuary  | Reached * piety under Vehumet
  8084 | Ossuary  | Offered knowledge of Shock by Vehumet.
  8342 | Ossuary  | Reached ** piety under Vehumet
  8342 | Ossuary  | Offered knowledge of Flame Tongue by Vehumet.
  9245 | D:7      | Reached skill level 5 in Conjurations
  9312 | D:7      | Reached skill level 3 in Ice Magic
  9392 | D:7      | Reached skill level 4 in Ice Magic
  9392 | D:7      | Reached XP level 9. HP: 12/54 MP: 6/18
  9553 | D:7      | Offered knowledge of Ignite Poison by Vehumet.
  9851 | D:7      | Reached skill level 5 in Ice Magic
  9986 | D:8      | Noticed Grum
  9986 | D:8      | Noticed Gastronok
 10145 | D:9      | Reached skill level 6 in Ice Magic
 10155 | D:9      | Gained mutation: Your magical capacity is low. (-10% MP) [potion of mutation]
 10155 | D:9      | Gained mutation: You evolve. [potion of mutation]
 10155 | D:9      | Gained mutation: You rapidly evolve. [potion of mutation]
 10173 | D:9      | Slain by a yak

Vault maps used:
D:1:      dpeg_arrival_simpleton_a, minmay_strange_pillars, st_stairs_6,
          nrook_mini_vaults, hangedman_decor_points
D:2:      marbit_many_paths
D:3:      grunt_temple_overflow_cloverleaf, serial_bayou_pond_d, hex_medium
D:4:      kennysheep_okawaru_gauntlet, uniq_robin, uniq_duvessa
D:5:      nicolae_overflow_crystal_walls, kennysheep_little_box,
          minmay_temple_entry_from_below_a, first_bread, nrook_loot_triangle
D:6:      serial_shops, nicolae_shop_stone, minmay_misc_feat_encased,
          uniq_grinder
D:7:      enter_ossuary_4
D:8:      nemelex_xobeh_ov_fountains_minmay, uniq_grum, uniq_gastronok
D:9:      trog_ov_bears_minmay, evilmike_ruin_ashenzari,
          erik_lair_orcish_takeover, grunt_livestock, nemelex_dance_club_becter,
          uniq_pikel
Temple:   nicolae_temple_hex_pool
Ossuary:  ossuary_zaba_two_paths

Skill      XL: |  1  2  3  4  5  6  7  8  9 |
---------------+----------------------------+-----
Fighting       | 1 2 3 4 5 |  5.1
Dodging        | 3 4 5 |  5.0
Stealth        | 3 5 |  5.1
Spellcasting   | 3 5 |  5.3
Conjurations   | 5 |  5.2
Ice Magic      | 4 6 |  6.9

Action                   |  1- 3 |  4- 6 |  7- 9 || total
-------------------------+-------+-------+-------++-------
Melee: Dagger            |    64 |   139 |    93 ||   296
       Kick              |    12 |    30 |    88 ||   130
       Peck              |    11 |    19 |    50 ||    80
       Unarmed           |     1 |       |       ||     1
       Mace              |       |       |   251 ||   251
 Cast: Freeze            |    23 |    86 |    91 ||   200
       Throw Frost       |     2 |     5 |    18 ||    25
       Ozocubu's Armour  |       |       |     8 ||     8
  Use: Scroll            |       |    11 |     4 ||    15
       Potion            |       |     4 |     6 ||    10
 Stab: Sleeping          |     2 |     5 |    21 ||    28
  Eat: Chunk             |     2 |     8 |     9 ||    19
       Bread ration      |       |     1 |     3 ||     4
Armor: Robe              |    25 |    52 |    91 ||   168
       Skin              |       |       |    26 ||    26
Dodge: Dodged            |    49 |   161 |   361 ||   571
